 Dungeon Crawl Stone Soup version 0.32-a0-329-ge6c31236d6 (webtiles) character file.

Game seed: 13226215339793420108

45569 cforsyth the Convoker (level 14, 0/114 HPs)
             Began as a Djinni Fire Elementalist on Feb 16, 2024.
             Slain by a seven-headed hydra (5 damage)
             ... while petrified by a basilisk
             ... on level 5 of the Lair of Beasts.
             The game lasted 01:01:04 (28397 turns).

cforsyth the Convoker (Djinni Fire Elementalist)   Turns: 28397, Time: 01:01:05

Health: 0/114      AC:  7    Str:  7    XL:     14   Next: 71%
Gold:   896        EV:  2    Int: 21    God:
                   SH:  0    Dex: 21

rFire   + + .        o - staff of earth {!a}
rCold   . . .        (no shield)
rNeg    + + +        I - +2 leather armour {rC+}
rPois   ∞            i - +0 helmet
rElec   .            A - scarf {+Inv}
rCorr   .            u - +0 pair of gloves
SInv    .            (boots unavailable)
Will    +....        (no amulet)
Stlth   ++           N - ring of positive energy
HPRegen 0.39/turn    d - +6 ring of dexterity
MPRegen 0.00/turn

%: infuse magic (-1 HP)
@: petrified, flying, studying 2 skills
A: sickness immunity, fire resistance 2, cold vulnerability 1, float, innate
caster, HP casting, extra vitality 1
a: Evoke Invisibility


You were on level 5 of the Lair of Beasts.
You visited 2 branches of the dungeon, and saw 16 of its levels.

You collected 1082 gold pieces.
You spent 186 gold pieces at shops.


Innate Abilities, Weirdness & Mutations

You are immune to sickness and miasma.
You are immune to poison.
Your flesh is very heat resistant. (rF++)
You are vulnerable to cold. (rC-)
You float through the air rather than walking.
You learn spells naturally, not from books.
Your magical power is your life essence.
You have superior vitality. (+4 MHP)


   Skills:
 - Level 15.0 Fighting
 + Level 10.7 Dodging
 - Level 1.5 Stealth
 + Level 13.8 Spellcasting
 + Level 13.8 Conjurations
 + Level 13.8 Hexes
 + Level 18.2 Summonings
 + Level 13.8 Necromancy
 + Level 15.4 Translocations
 + Level 13.8 Fire Magic
 + Level 13.8 Ice Magic
 + Level 13.8 Air Magic
 + Level 13.8 Earth Magic
 + Level 13.8 Alchemy


You knew the following spells:

 Your Spells              Type           Power      Damage    Failure   Level
a - Jinxbite              Hex            100%       N/A       1%          2
b - Animate Armour        Summ/Erth      100%       N/A       1%          4
c - Dimensional Bullseye  Hex/Tloc       33%        N/A       1%          4
f - Foxfire               Conj/Fire      100%       2x1d9     1%          1
l - Lesser Beckoning      Tloc           100%       N/A       1%          2
m - Magic Dart            Conj           100%       1d8       1%          1
r - Inner Flame           Hex/Fire       64%        N/A       1%          3
y - Curse of Agony        Necr           64%        N/A       1%          5
X - Scorch                Fire           100%       2d9       1%          2
Y - Volatile Blastmotes   Fire/Tloc      100%       2d18      1%          3
Z - Flame Wave            Conj/Fire      64%        2d15      1%          4
Your spell library was empty.

Inventory:

Missiles
 x - a throwing net {=f}
Armour
 i - a +0 helmet (worn)
 u - a +0 pair of gloves (worn)
 z - a +2 robe of willpower
 A - a scarf of invisibility (worn)
 I - a +2 leather armour of cold resistance (worn)
Magical Staves
 a - a staff of alchemy {!a}
 o - a staff of earth (weapon) {!a}
Jewellery
 d - a +6 ring of dexterity (right hand)
 f - a ring of protection from fire
 w - a ring of protection from fire
 F - a ring of fire
 N - a ring of positive energy (left hand)
Wands
 g - a wand of roots (20)
 p - a wand of mindburst (13)
 r - a wand of polymorph (12)
 y - a wand of flame (35)
 O - a wand of charming (4)
Scrolls
 c - 2 scrolls of blinking {unknown}
 e - a scroll of poison {unknown}
 h - a scroll of enchant weapon {unknown}
 j - 3 scrolls of fog {unknown}
 n - 3 scrolls of immolation
 q - 5 scrolls of revelation {unknown}
 s - a scroll of brand weapon {unknown}
 B - 2 scrolls of silence {unknown}
 J - a scroll of amnesia {unknown}
 K - a scroll of fear {unknown}
Potions
 b - 3 potions of curing {@q1}
 k - 2 potions of brilliance
 l - 4 potions of might
 m - a potion of berserk rage {unknown}
 t - a potion of haste {@q3}
 v - 2 potions of lignification
 C - 3 potions of mutation
 D - a potion of invisibility {unknown}
 E - 12 potions of ambrosia
 G - a potion of resistance
 H - a potion of enlightenment {unknown}
 M - a potion of cancellation {unknown}

Dungeon Overview and Level Annotations

Branches:
Dungeon (11/15)            Temple (0/1) D:6            Lair (5/5) D:8
 Shoals (0/4) Lair:2       Spider (0/4) Lair:2        Slime (0/5) Lair:4
    Orc: D:9-12

Altars:
Ashenzari
Dithmenos
Elyvilon
Fedhas
Qazlal
Ru
Trog
Wu Jian
Yredelemnul
Zin
Jiyva

Shops:
D:3 !:*   D:4 !   D:8 (   D:10 ?

Annotations:
D:3 1 runed translucent door, Newt's ghost, weakling GrMo

....................^...<.......
.............P.......PP.##......
.....#.......P#......P.P..PP....
....#......#...#................
...##P....#..#......§§☼.##......
..####.......####...§.#.#. ..
....##.......##.P.....☼.... .
..####...........k.......... ..#
#...........@D...........
..##..........).......P......
.......................#.....
..#....................#....
.......###.P.....#....## ..
.......###..P..k...#...#
........#P..#..P<...####
.......##............
...<.......


You could see a seven-headed hydra, a rime drake and a wyvern (wandering).


Message History

* * * LOW HITPOINT WARNING * * *
The seven-headed hydra bites you!
* * * LOW HITPOINT WARNING * * *
The seven-headed hydra bites you!
* * * LOW HITPOINT WARNING * * *
The rime drake bites you but does no damage.
The seven-headed hydra bites you.
* * * LOW HITPOINT WARNING * * *
The seven-headed hydra bites you.
* * * LOW HITPOINT WARNING * * *
The seven-headed hydra barely misses you.
The seven-headed hydra bites you.
* * * LOW HITPOINT WARNING * * *
The seven-headed hydra bites you.
* * * LOW HITPOINT WARNING * * *
The seven-headed hydra bites you.
* * * LOW HITPOINT WARNING * * *
The seven-headed hydra bites you!
* * * LOW HITPOINT WARNING * * *
The ice encasing you melts away. The rime drake bites you.
* * * LOW HITPOINT WARNING * * *
The seven-headed hydra bites you. The seven-headed hydra bites you!
* * * LOW HITPOINT WARNING * * *
The seven-headed hydra bites you!
* * * LOW HITPOINT WARNING * * *
The seven-headed hydra bites you!
* * * LOW HITPOINT WARNING * * *
The seven-headed hydra bites you!
You die...

Skill      XL: |  1  2  3  4  5  6  7  8  9 10 11 12 13 14 |
---------------+-------------------------------------------+-----
Fighting       | 1 2 3 4 5 7 9 11 13 14 15 | 15.0
Spellcasting   | 4 5 6 7 9 10 11 12 13 | 13.8
Conjurations   | 4 5 6 7 9 10 11 12 13 | 13.8
Hexes          | 4 5 6 7 9 10 11 12 13 | 13.8
Summonings     | 4 5 7 9 11 13 15 17 18 | 18.2
Necromancy     | 4 5 6 7 9 10 11 12 13 | 13.8
Translocations | 4 5 6 7 9 10 11 13 15 | 15.4
Fire Magic     | 4 5 6 7 9 10 11 12 13 | 13.8
Ice Magic      | 4 5 6 7 9 10 11 12 13 | 13.8
Air Magic      | 4 5 6 7 9 10 11 12 13 | 13.8
Earth Magic    | 4 5 6 7 9 10 11 12 13 | 13.8
Alchemy        | 4 5 6 7 9 10 11 12 13 | 13.8
Dodging        | 7 10 | 10.7
Stealth        | |  1.5

Action                     |  1- 3 |  4- 6 |  7- 9 | 10-12 | 13-15 || total
---------------------------+-------+-------+-------+-------+-------++-------
   Cast: Foxfire           |    71 |   140 |   259 |   691 |   251 ||  1412
         Scorch            |       |     6 |    15 |   143 |   163 ||   327
         Animate Armour    |       |       |       |    15 |     3 ||    18
         Magic Dart        |       |       |       |    14 |     7 ||    21
         Flame Wave        |       |       |       |     5 |     1 ||     6
         Inner Flame       |       |       |       |     7 |   105 ||   112
         Volatile Blastmot |       |       |       |     2 |       ||     2
  Evoke: Wand              |       |       |       |     9 |     5 ||    14
    Use: Potion            |       |       |       |     8 |       ||     8
         Scroll            |       |       |       |     7 |     5 ||    12
 Armour: Robe              |       |    11 |    25 |    33 |       ||    69
         Leather armour    |       |       |       |   158 |   259 ||   417
  Dodge: Dodged            |     2 |     2 |    25 |   174 |   129 ||   332

Levels and vault maps discovered:
D:1:      erik_arrival_orb_chamber, layout_basic, minmay_stone_trees_small,
          serial_park_tiny_pond
D:2:      layout_basic
D:3:      layout_basic, nicolae_vehumet_radiance, serial_shops, shop,
          nicolae_shop_window_shopping, nicolae_shop_stone,
          hellmonk_ghost_happy_afterlife
D:4:      layout_basic, kennysheep_ying_yang, serial_shops,
          nicolae_shop_behind_doors, minmay_manual_macuahuitl, uniq_menkaure
D:5:      layout_basic, minmay_misc_feat_chi
D:6:      layout_basic, overflow_temple_1_default, mainiacjoe_overflow_paths,
          temple_doors_e
D:7:      layout_cave_pools, ashenzari_altar_1, fedhas_altar_3,
          minmay_misc_feat_room, kennysheep_generic_room_2, uniq_joseph
D:8:      layout_basic, lair_entry_dummy, serial_corexii_hall,
          corexii_hall_statues_l, chequers_hall_statues_corner_a, special_room
          [special_room_orc], serial_shops, nicolae_lakefront_shop, uniq_erica,
          uniq_amaemon, uniq_grum
D:9:      layout_roguey
D:10:     layout_cave_pools, minmay_overflow_temple_star_hex, serial_gnoll_camp,
          gnoll_camp_mini_shop, gnoll_camp_mini_hut, gnoll_camp_mini_house,
          grums_kennel, gnoll_camp_mini_basic, hangedman_decor_peaks_small
D:11:     minmay_firetagon, layout_cave_pools, orc_david_3,
          nicolae_transporter_circle
Lair:1:   layout_roguey, roderic_batcave, grunt_megastairs_5
Lair:2:   layout_layer_cave, elwin_shoals_entry_rocks,
          spider_nest_entry_web_field, special_room [special_room_bee],
          nicolae_lair_run_with_the_wolves
Lair:3:   nzn_winding_woodlands_medium [nzn_winding_woodlands_5x5_closed_star,
          nzn_winding_woodlands_5x15_crooked,
          nzn_winding_woodlands_5x5_checkerboard,
          nzn_winding_woodlands_5x5_perimeter,
          nzn_winding_woodlands_center_lodge, nzn_winding_woodlands_hourglass,
          nzn_winding_woodlands_5x5_three, nzn_winding_woodlands_5x15_twine,
          nzn_winding_woodlands_5x5_open_star], layout_long_grid, special_room
          [special_room_mythical_zoo], beast_lair_carwin_8, uniq_nergalle
Lair:4:   layout_misc_corridors, slime_entry_1
Lair:5:   hellmonk_lair_end_abyssal_woods, layout_gridlike, lemuel_fruit_fields,
          uniq_josephine

Notes
Turn   | Place    | Note
-------+----------+-------------------------------------------
     0 | D:1      | cforsyth the Djinni Fire Elementalist began the quest for
                  | the Orb.
     0 | D:1      | cforsyth set off with the following spells memorised:
                  | Foxfire, Scorch, Volatile Blastmotes, Inner Flame, Flame
                  | Wave.
     0 | D:1      | Reached XP level 1. HP: 15/15 MP: 0/0
    78 | D:1      | Reached XP level 2. HP: 21/22 MP: 0/0
   103 | D:1      | Reached skill level 1 in Fighting
   260 | D:1      | Reached XP level 3. HP: 23/27 MP: 0/0
   260 | D:1      | Learned a level 1 spell: Magic Dart
   561 | D:1      | Reached skill level 2 in Fighting
   629 | D:1      | Reached XP level 4. HP: 30/33 MP: 0/0
  1037 | D:2      | You are sucked into a shaft and drop 1 floor!
  1037 | D:3      | Found Fuohupn's Book Emporium.
  1611 | D:3      | Reached skill level 3 in Fighting
  1611 | D:3      | Reached skill level 4 in Spellcasting
  1611 | D:3      | Reached skill level 4 in Conjurations
  1611 | D:3      | Reached skill level 4 in Hexes
  1611 | D:3      | Reached skill level 4 in Summonings
  1611 | D:3      | Reached skill level 4 in Necromancy
  1611 | D:3      | Reached skill level 4 in Translocations
  1611 | D:3      | Reached skill level 4 in Fire Magic
  1611 | D:3      | Reached skill level 4 in Ice Magic
  1611 | D:3      | Reached skill level 4 in Air Magic
  1611 | D:3      | Reached skill level 4 in Earth Magic
  1611 | D:3      | Reached skill level 4 in Alchemy
  1611 | D:3      | Reached XP level 5. HP: 4/40 MP: 0/0
  1611 | D:3      | Learned a level 2 spell: Jinxbite
  1763 | D:3      | Noticed an ice beast
  1791 | D:3      | Killed an ice beast
  1792 | D:3      | Reached XP level 6. HP: 27/47 MP: 0/0
  1923 | D:3      | Found Antoyr's General Store.
  2015 | D:3      | Found Weurph's Distillery.
  2047 | D:3      | Bought a potion of heal wounds for 50 gold pieces
  2147 | D:3      | Noticed Newt's ghost (weakling GrMo)
  2151 | D:3      | Found a runed translucent door.
  2562 | D:4      | Reached skill level 4 in Fighting
  2744 | D:4      | Noticed Menkaure
  2749 | D:4      | Killed Menkaure
  2750 | D:4      | Reached XP level 7. HP: 40/53 MP: 0/0
  2750 | D:4      | Learned a level 2 spell: Lesser Beckoning
  2829 | D:4      | Reached skill level 5 in Fighting
  2829 | D:4      | Reached skill level 5 in Spellcasting
  2829 | D:4      | Reached skill level 5 in Conjurations
  2829 | D:4      | Reached skill level 5 in Hexes
  2829 | D:4      | Reached skill level 5 in Summonings
  2829 | D:4      | Reached skill level 5 in Necromancy
  2829 | D:4      | Reached skill level 5 in Translocations
  2829 | D:4      | Reached skill level 5 in Fire Magic
  2829 | D:4      | Reached skill level 5 in Ice Magic
  2829 | D:4      | Reached skill level 5 in Air Magic
  2829 | D:4      | Reached skill level 5 in Earth Magic
  2829 | D:4      | Reached skill level 5 in Alchemy
  3029 | D:4      | Found a white marble altar of Elyvilon.
  3140 | D:4      | Found a basalt altar of Yredelemnul.
  3470 | D:4      | Found Pegeasch's Distillery.
  3473 | D:4      | Bought a potion of haste for 110 gold pieces
  3693 | D:4      | Reached XP level 8. HP: 57/61 MP: 0/0
  3780 | D:5      | Entered Level 5 of the Dungeon
  3827 | D:5      | Reached skill level 6 in Fighting
  4010 | D:5      | Reached skill level 6 in Summonings
  4177 | D:5      | Reached skill level 6 in Spellcasting
  4177 | D:5      | Reached skill level 6 in Conjurations
  4177 | D:5      | Reached skill level 6 in Hexes
  4177 | D:5      | Reached skill level 6 in Necromancy
  4177 | D:5      | Reached skill level 6 in Translocations
  4177 | D:5      | Reached skill level 6 in Fire Magic
  4177 | D:5      | Reached skill level 6 in Ice Magic
  4177 | D:5      | Reached skill level 6 in Air Magic
  4177 | D:5      | Reached skill level 6 in Earth Magic
  4177 | D:5      | Reached skill level 6 in Alchemy
  4407 | D:5      | Reached skill level 7 in Fighting
  4891 | D:6      | Found a sacrificial altar of Ru.
  4899 | D:6      | Reached skill level 7 in Summonings
  4932 | D:6      | Reached XP level 9. HP: 57/68 MP: 0/0
  4932 | D:6      | Learned a level 4 spell: Animate Armour
  4980 | D:6      | Found a staircase to the Ecumenical Temple.
  5122 | D:6      | HP: 6/69 [gnoll sergeant/+0 spear of flaming (9)]
  5368 | D:6      | Found a shadowy altar of Dithmenos.
  5512 | D:6      | Reached skill level 8 in Fighting
  5560 | D:6      | Reached skill level 8 in Summonings
  5715 | D:7      | Noticed Joseph
  5725 | D:7      | HP: 3/70 [Joseph/sling bullet (6)]
  5726 | D:7      | Killed Joseph
  5727 | D:7      | Reached skill level 7 in Spellcasting
  5727 | D:7      | Reached skill level 7 in Conjurations
  5727 | D:7      | Reached skill level 7 in Hexes
  5727 | D:7      | Reached skill level 7 in Necromancy
  5727 | D:7      | Reached skill level 7 in Translocations
  5727 | D:7      | Reached skill level 7 in Fire Magic
  5727 | D:7      | Reached skill level 7 in Ice Magic
  5727 | D:7      | Reached skill level 7 in Air Magic
  5727 | D:7      | Reached skill level 7 in Earth Magic
  5727 | D:7      | Reached skill level 7 in Alchemy
  6033 | D:7      | Found a broken altar of Ashenzari.
  6042 | D:7      | Reached skill level 9 in Summonings
  6179 | D:7      | Reached skill level 9 in Fighting
  6296 | D:7      | Reached XP level 10. HP: 55/78 MP: 0/0
  6376 | D:7      | Found a blossoming altar of Fedhas.
  6639 | D:8      | Found a staircase to the Lair.
  6666 | D:8      | Found Wanly's Weapon Boutique.
  6975 | D:8      | Noticed Erica
  6993 | D:8      | Noticed Amaemon
  6996 | D:8      | Noticed an orange demon
  7250 | D:8      | Killed an orange demon
  7250 | D:8      | Killed Amaemon
  7251 | D:8      | Reached skill level 10 in Fighting
  7251 | D:8      | Reached skill level 8 in Spellcasting
  7251 | D:8      | Reached skill level 8 in Conjurations
  7251 | D:8      | Reached skill level 8 in Hexes
  7251 | D:8      | Reached skill level 10 in Summonings
  7251 | D:8      | Reached skill level 8 in Necromancy
  7251 | D:8      | Reached skill level 8 in Translocations
  7251 | D:8      | Reached skill level 8 in Fire Magic
  7251 | D:8      | Reached skill level 8 in Ice Magic
  7251 | D:8      | Reached skill level 8 in Air Magic
  7251 | D:8      | Reached skill level 8 in Earth Magic
  7251 | D:8      | Reached skill level 8 in Alchemy
  7821 | D:8      | Killed Erica
  7822 | D:8      | Reached skill level 11 in Fighting
  7822 | D:8      | Reached skill level 11 in Summonings
  8387 | D:8      | Noticed Grum
  8394 | D:8      | Killed Grum
  8395 | D:8      | Reached skill level 9 in Spellcasting
  8395 | D:8      | Reached skill level 9 in Conjurations
  8395 | D:8      | Reached skill level 9 in Hexes
  8395 | D:8      | Reached skill level 9 in Necromancy
  8395 | D:8      | Reached skill level 9 in Translocations
  8395 | D:8      | Reached skill level 9 in Fire Magic
  8395 | D:8      | Reached skill level 9 in Ice Magic
  8395 | D:8      | Reached skill level 9 in Air Magic
  8395 | D:8      | Reached skill level 9 in Earth Magic
  8395 | D:8      | Reached skill level 9 in Alchemy
  8926 | D:9      | Reached XP level 11. HP: 81/87 MP: 0/0
  8926 | D:9      | Learned a level 4 spell: Dimensional Bullseye
  9472 | D:10     | Entered Level 10 of the Dungeon
  9985 | D:9      | Reached skill level 12 in Summonings
 10620 | D:10     | Reached skill level 12 in Fighting
 11458 | D:10     | Reached skill level 10 in Spellcasting
 11458 | D:10     | Reached skill level 10 in Conjurations
 11458 | D:10     | Reached skill level 10 in Hexes
 11458 | D:10     | Reached skill level 10 in Necromancy
 11458 | D:10     | Reached skill level 10 in Translocations
 11458 | D:10     | Reached skill level 10 in Fire Magic
 11458 | D:10     | Reached skill level 10 in Ice Magic
 11458 | D:10     | Reached skill level 10 in Air Magic
 11458 | D:10     | Reached skill level 10 in Earth Magic
 11458 | D:10     | Reached skill level 10 in Alchemy
 11484 | D:10     | Found Zyhill's Magic Scroll Shop.
 11488 | D:10     | Bought a scroll of identify for 26 gold pieces
 11781 | D:10     | Reached skill level 13 in Summonings
 12678 | D:10     | Found a bloodstained altar of Trog.
 12682 | D:10     | Found a stormy altar of Qazlal.
 12695 | D:10     | Found a glowing silver altar of Zin.
 12698 | D:10     | Found an ornate altar of the Wu Jian Council.
 12740 | D:10     | Identified a potion of resistance
 12813 | D:11     | Noticed a cyclops
 12820 | D:11     | Killed a cyclops
 12821 | D:11     | Reached skill level 13 in Fighting
 12944 | D:11     | Reached XP level 12. HP: 72/98 MP: 0/0
 13026 | D:11     | Noticed a fire dragon
 13333 | Lair:1   | Entered Level 1 of the Lair of Beasts
 13801 | Lair:1   | Reached skill level 14 in Summonings
 13970 | Lair:1   | Noticed a boulder beetle
 14040 | Lair:1   | HP: 8/98 [komodo dragon (5)]
 14642 | Lair:1   | Reached skill level 11 in Spellcasting
 14642 | Lair:1   | Reached skill level 11 in Conjurations
 14642 | Lair:1   | Reached skill level 11 in Hexes
 14642 | Lair:1   | Reached skill level 11 in Necromancy
 14642 | Lair:1   | Reached skill level 11 in Translocations
 14642 | Lair:1   | Reached skill level 11 in Fire Magic
 14642 | Lair:1   | Reached skill level 11 in Ice Magic
 14642 | Lair:1   | Reached skill level 11 in Air Magic
 14642 | Lair:1   | Reached skill level 11 in Earth Magic
 14642 | Lair:1   | Reached skill level 11 in Alchemy
 14848 | Lair:1   | HP: 3/99 [boulder beetle (22)]
 15416 | Lair:1   | Reached skill level 14 in Fighting
 15908 | Lair:2   | Noticed a death yak
 15922 | Lair:2   | Noticed a death yak
 15928 | Lair:2   | Noticed a death yak
 16166 | Lair:2   | Noticed a seven-headed hydra
 16181 | Lair:2   | Killed a seven-headed hydra
 17184 | Lair:2   | Reached skill level 15 in Summonings
 17236 | Lair:2   | Found a hole to the Spider Nest.
 17565 | Lair:1   | Killed a death yak
 17566 | Lair:1   | Reached XP level 13. HP: 70/106 MP: 0/0
 17566 | Lair:1   | Learned a level 5 spell: Curse of Agony
 18271 | Lair:2   | Found a staircase to the Shoals.
 18762 | Lair:2   | Reached skill level 15 in Fighting
 18762 | Lair:2   | Reached skill level 12 in Translocations
 19200 | Lair:1   | Reached skill level 12 in Spellcasting
 19200 | Lair:1   | Reached skill level 12 in Conjurations
 19200 | Lair:1   | Reached skill level 12 in Hexes
 19200 | Lair:1   | Reached skill level 12 in Necromancy
 19200 | Lair:1   | Reached skill level 12 in Fire Magic
 19200 | Lair:1   | Reached skill level 12 in Ice Magic
 19200 | Lair:1   | Reached skill level 12 in Air Magic
 19200 | Lair:1   | Reached skill level 12 in Earth Magic
 19200 | Lair:1   | Reached skill level 12 in Alchemy
 19469 | Lair:2   | Reached skill level 3 in Dodging
 19762 | Lair:3   | Reached skill level 4 in Dodging
 19764 | Lair:3   | Reached skill level 16 in Summonings
 20206 | Lair:3   | Noticed a five-headed hydra
 20211 | Lair:3   | Noticed Nergalle
 20609 | Lair:2   | Reached skill level 5 in Dodging
 21060 | Lair:3   | Noticed a catoblepas
 21077 | Lair:3   | Killed a catoblepas
 21422 | Lair:2   | Found a staircase to the Shoals.
 21535 | Lair:2   | Found a hole to the Spider Nest.
 21579 | Lair:2   | Reached skill level 13 in Translocations
 22015 | Lair:2   | Killed Nergalle
 22853 | Lair:3   | Reached skill level 6 in Dodging
 23625 | Lair:3   | Reached skill level 7 in Dodging
 24193 | Lair:3   | Reached skill level 17 in Summonings
 24198 | Lair:3   | Reached XP level 14. HP: 45/114 MP: 0/0
 24201 | Lair:3   | Reached skill level 8 in Dodging
 24201 | Lair:3   | Reached skill level 13 in Spellcasting
 24201 | Lair:3   | Reached skill level 13 in Conjurations
 24201 | Lair:3   | Reached skill level 13 in Hexes
 24201 | Lair:3   | Reached skill level 13 in Necromancy
 24201 | Lair:3   | Reached skill level 14 in Translocations
 24201 | Lair:3   | Reached skill level 13 in Fire Magic
 24201 | Lair:3   | Reached skill level 13 in Ice Magic
 24201 | Lair:3   | Reached skill level 13 in Air Magic
 24201 | Lair:3   | Reached skill level 13 in Earth Magic
 24201 | Lair:3   | Reached skill level 13 in Alchemy
 25355 | Lair:3   | Reached skill level 9 in Dodging
 26732 | Lair:3   | Reached skill level 15 in Translocations
 26739 | Lair:3   | Reached skill level 10 in Dodging
 26854 | Lair:3   | Reached skill level 18 in Summonings
 27328 | Lair:4   | Identified the +9 shortbow "Earthworm" {antimagic, rC-
                  | Str+6 Dex-4 SInv}
 27445 | Lair:4   | Found a viscous altar of Jiyva.
 27445 | Lair:4   | Found a staircase to the Slime Pits.
 28010 | Lair:5   | Entered Level 5 of the Lair of Beasts
 28397 | Lair:5   | HP: 10/114 [seven-headed hydra (6)]
 28397 | Lair:5   | Slain by a seven-headed hydra

Vanquished Creatures
  3 hydras
  2 catoblepae (Lair:3)
  A boulder beetle (Lair:3)
  Erica (D:8)
  3 death yaks
  Amaemon (D:8)
  Nergalle (Lair:2)
  A skyshark (Lair:3)
  A lindwurm (Lair:4)
  2 wolf spiders (Lair:2)
  A cyclops (D:11)
  6 elephants (Lair:3)
  3 black mambas
  Joseph (D:7)
  An orange demon (D:8)
  17 cane toads
  3 komodo dragons
  12 rime drakes
  A troll (D:11)
  A queen bee (Lair:2)
  2 polar bears
  A hornet (D:9)
  19 blink frogs
  14 wyverns
  2 shadows (D:10)
  2 wraiths
  A fire elemental (D:11)
  45 yaks
  Grum (D:8)
  8 basilisks
  A steam dragon (Lair:3)
  2 vampire mosquitoes
  Menkaure (D:4)
  An acid dragon (D:9)
  2 sky beasts (D:7)
  3 water moccasins
  6 orc warriors
  3 black bears
  2 ice beasts
  An ogre (D:5)
  17 wolves
  2 centaurs
  A phantom (D:5)
  A kobold brigand (D:4)
  2 gnoll sergeants
  13 bullfrogs
  2 scorpions
  2 vampire bats (Lair:1)
  5 howler monkeys
  28 killer bees
  9 hounds
  A jelly (D:8)
  A bombardier beetle (D:4)
  6 orc priests
  2 gnoll boudas (D:10)
  A sleepcap (D:3)
  6 iguanas
  5 orc wizards
  7 hell rats
  8 adders
  15 gnolls
  A shadow imp (D:8)
  4 white imps
  2 dart slugs
  3 ribbon worms
  48 orcs
  10 bats
  9 endoplasms
  4 giant cockroaches
  5 goblins
  5 hobgoblins
  5 jackals
  11 kobolds
  4 quokkas
  4 ball pythons
  6 frilled lizards
  3 rats
437 creatures vanquished.

Vanquished Creatures (collateral kills)
  A fire elemental (D:10)
  2 yaks (Lair:1)
  A steam dragon (Lair:1)
  A hell hound (Lair:3)
  2 bullfrogs (Lair:1)
  6 foxfires
13 creatures vanquished.

Vanquished Creatures (others)
  An orc wizard (D:9)
  1632 foxfires
1633 creatures vanquished.

Grand Total: 2083 creatures vanquished

Table legend: (Time is in decaauts)
 A = Elapsed time spent in this place.
 B = Non-inter-level travel time spent in this place.
 C = Inter-level travel time spent in this place.
 D = Time resting spent in this place.
 E = Time spent auto-exploring this place.
 F = Levels seen in this place.
 G = Mean time per level.
                   A        B        C        D        E       F      G
               +--------+--------+--------+--------+--------+-----+--------+
         Total |  28415 |  27683 |    732 |   6845 |  16402 |  16 | 1775.9 |
       Dungeon |  13357 |  12948 |    409 |   1476 |   9293 |  11 | 1214.3 |
          Lair |  15057 |  14734 |    323 |   5369 |   7109 |   5 | 3011.4 |
               +--------+--------+--------+--------+--------+-----+--------+

Top non-repeatable levels by time:
  Lair:2: 6133 daAuts
  Lair:1: 3988 daAuts
  Lair:3: 3860 daAuts
     D:8: 2408 daAuts
     D:9: 2115 daAuts
    D:10: 1811 daAuts
     D:4: 1305 daAuts
     D:5: 1077 daAuts
     D:3: 1052 daAuts
     D:7: 1046 daAuts
  Lair:4: 940 daAuts
     D:1: 889 daAuts
     D:6: 850 daAuts
     D:2: 529 daAuts
    D:11: 270 daAuts

Table legend:
 A = Non-vault XP
 B = Vault XP
 C = Vault XP percentage of total XP
 D = Non-vault monster count
 E = Vault monster count
 F = Vault count percentage of total count
                 A         B        C        D         E       F
            +---------+---------+-------+---------+---------+-------
      Total |   33660 |   31439 |  48.3 |     270 |     175 |  39.3
            +---------+---------+-------+---------+---------+-------
        D:1 |      72 |       0 |   0.0 |      25 |       0 |   0.0
        D:2 |      33 |       0 |   0.0 |       6 |       0 |   0.0
        D:3 |     220 |       0 |   0.0 |      22 |       0 |   0.0
        D:4 |     370 |     396 |  51.7 |      17 |       6 |  26.1
        D:5 |     735 |       0 |   0.0 |      17 |       0 |   0.0
        D:6 |     630 |       0 |   0.0 |      20 |       0 |   0.0
        D:7 |     826 |     653 |  44.2 |      17 |       4 |  19.0
        D:8 |    1055 |    3110 |  74.7 |      21 |      32 |  60.4
        D:9 |    3238 |       0 |   0.0 |      21 |       0 |   0.0
       D:10 |    2637 |     944 |  26.4 |      17 |      21 |  55.3
       D:11 |     853 |     201 |  19.1 |       2 |       1 |  33.3
     Lair:1 |    6401 |    2074 |  24.5 |      21 |      19 |  47.5
     Lair:2 |    5192 |    4661 |  47.3 |      22 |      34 |  60.7
     Lair:3 |    5602 |   19400 |  77.6 |      20 |      58 |  74.4
     Lair:4 |    2982 |       0 |   0.0 |      11 |       0 |   0.0
     Lair:5 |    2814 |       0 |   0.0 |      11 |       0 |   0.0
            +---------+---------+-------+---------+---------+-------
